 Dungeon Crawl Stone Soup version 0.29.0-11-gd7f09526c8 (webtiles) character file.

Game seed: 3317344131967351652

64078 robertstho the Brawler (level 15, 0/121 HPs)
             Began as a Vine Stalker Berserker on Sept 2, 2022.
             Was a High Priest of Trog.
             Slain by a two-headed ogre
             ... wielding a +0 giant club
              (9 damage)
             ... on level 1 of the Orcish Mines.
             The game lasted 00:25:56 (15132 turns).

robertstho the Brawler (Vine Stalker Berserker)    Turns: 15132, Time: 00:25:56

Health: 0/121      AC: 22    Str: 27    XL:     15   Next: 11%
Magic:  0/16       EV:  8    Int:  7    God:    Trog [*****.]
Gold:   2636       SH:  7    Dex: 14    Spells: 14/14 levels left

rFire   . . .      SeeInvis .     - Unarmed
rCold   . . .      Faith    .   r - +0 kite shield {reflect}
rNeg    + . .      Spirit   +   C - +0 shadow dragon scales
rPois   +          Reflect  +   S - +0 helmet
rElec   .          Harm     .   D - +0 cloak
rCorr   +          Rampage  .   m - +0 pair of gloves
Will    ++...                   c - +0 pair of boots
Stlth   ..........              (no amulet)
HPRegen 1.10/turn               b - +4 ring of slaying
MPRegen 0.15/turn               N - ring of the Sneaky Tusks {rPois rN+ Will+ rCorr}

@: berserking, very quick
A: fangs 3, regeneration 1, magic shield, antimagic bite, no potion heal 2
a: Renounce Religion, Berserk, Trog's Hand, Brothers in Arms


You were on level 1 of the Orcish Mines.
You worshipped Trog.
Trog was extremely pleased with you.
You visited 3 branches of the dungeon, and saw 18 of its levels.
You also visited: Ossuary and Ice Cave.

You collected 2636 gold pieces.

Inventory:

Hand Weapons
 E - a +0 demon whip of venom
 P - a +1 great sword of flaming
 T - the +6 long sword of Qazlal's Outrage {vamp, Int+6}
   (You found it on level 5 of the Lair of Beasts)

   It occasionally heals its wielder for a portion of the damage dealt when it
   wounds a living foe.
   Int:       It affects your intelligence (+6).
Armour
 c - a +0 pair of boots (worn)
 m - a +0 pair of gloves (worn)
 r - a +0 kite shield of reflection (worn)
 C - +0 shadow dragon scales (worn)
 D - a +0 cloak (worn)
 S - a +0 helmet (worn)
Jewellery
 b - a +4 ring of slaying (left hand)
 t - a ring of flight
 N - the ring of the Sneaky Tusks (right hand) {rPois rN+ Will+ rCorr}
   (You found it on level 1 of the Lair of Beasts)

   [ring of resist corrosion]

   rPois:     It protects you from poison.
   rN:        It protects you from negative energy.
   rCorr:     It protects you from acid and corrosion.
   Will:      It increases your willpower.
 R - a ring of protection from cold
 U - a +4 ring of protection
Wands
 q - a wand of flame (58)
 s - a wand of digging (19)
 F - a wand of mindburst (20)
 G - a wand of iceblast (10)
 I - a wand of paralysis (9)
 O - a wand of polymorph (5)
Scrolls
 a - 6 scrolls of enchant armour
 h - 12 scrolls of teleportation
 i - 4 scrolls of magic mapping
 l - a scroll of blinking {unknown}
 n - 2 scrolls of vulnerability
 p - 3 scrolls of enchant weapon
 v - 5 scrolls of butterflies
 y - a scroll of silence {unknown}
 H - a scroll of immolation
 J - a scroll of poison
 M - a scroll of fear
Potions
 d - 4 potions of brilliance {unknown}
 e - 3 potions of invisibility {unknown}
 f - 10 potions of curing
 g - 6 potions of degeneration {unknown}
 j - 3 potions of flight {unknown}
 k - 7 potions of ambrosia
 o - 5 potions of magic
 u - a potion of mutation {unknown}
 x - 4 potions of haste
 z - 3 potions of attraction
 A - 2 potions of resistance
 K - a potion of cancellation
 L - a potion of might


   Skills:
 * Level 10.7 Fighting
 * Level 10.8 Armour
 + Level 4.4 Dodging
 * Level 15.0 Stealth
 + Level 16.3 Unarmed Combat


You had 14 spell levels left.
You didn't know any spells.
Your spell library was empty.

Dungeon Overview and Level Annotations

Branches:
Dungeon (11/15)            Temple (0/1) D:6            Lair (5/5) D:9
  Swamp (0/4) Lair:2        Snake (0/4) Lair:3        Slime (0/5) Lair:5
    Orc (2/2) D:9         Ossuary (visited)           IceCv (visited)
    Elf: Orc:2

Altars:
Ashenzari
Elyvilon
Fedhas
Gozag
Kikubaaqudgha
Nemelex Xobeh
Qazlal
Trog
Vehumet
Xom
The Shining One
Jiyva

Annotations:
Lair:5 1 runed translucent door
Orc:1 1 transporter, Segg's ghost, adept GnSk


Innate Abilities, Weirdness & Mutations

You have razor-sharp teeth.
Your natural rate of healing is unusually fast.
When hurt, damage is shared between your health and your magic reserves.
Your bite disrupts and absorbs the magic of your enemies.
Potions cannot restore your health.


Message History

Partly explored, unvisited transporter.
Things that are here:
a +0 giant club; an ogre corpse
There is a transporter here.
You enter the transporter and appear at another place.
The two-headed ogre shouts in stereo!
The moth of wrath goads the two-headed ogre on!
The two-headed ogre goes berserk!
The two-headed ogre rages.
The moth of wrath's fur bristles in rage as it notices you.
You punch the two-headed ogre!
The two-headed ogre is lightly wounded.
The two-headed ogre closely misses you.
The two-headed ogre hits you but does no damage.
A red film seems to cover your vision as you go berserk!
You feel yourself moving faster!
You feel mighty!
The two-headed ogre hits you with a +0 giant club!! x2
You pummel the moth of wrath!! Your bite misses the moth of wrath.
The moth of wrath is heavily wounded.
The moth of wrath bites you but does no damage.
You punch the moth of wrath! Your bite misses the moth of wrath.
The moth of wrath is severely wounded.
The two-headed ogre hits you with a +0 giant club!
The two-headed ogre hits you but does no damage.
The moth of wrath bites you!
The orc knight roars a battlecry!
You hit the moth of wrath. You bite the moth of wrath!
You kill the moth of wrath!
Trog accepts your kill.
You punch the moth of wrath! You bite the moth of wrath!! You drain its power.
You feel invigorated.
The moth of wrath is severely wounded.
The two-headed ogre hits you with a +0 giant club!!!
* * * LOW HITPOINT WARNING * * *
The two-headed ogre completely misses you.
You closely miss the moth of wrath. Your bite misses the moth of wrath.
The moth of wrath is severely wounded.
You block the moth of wrath's attack. The two-headed ogre barely misses you.
The two-headed ogre hits you with a +0 giant club!
You die...

####### ###.....###
###....©....###
##....#####....##
#...###.©.###...#
##..##..@..####..##
#...#..Oy###..#...#
#..##.T..#~*#.##..#
#..#.......##.W#..#
#..#©###T_$....#..##
#..#..#≈o?[###.#...###
#..##o###o#~#.##.....###
#...##....#####........##
##..##......###.........#


You could see an orc knight, a two-headed ogre (berserk), a deep troll, a moth
of wrath, a troll and an orc warrior (strong).

Vanquished Creatures
  Rupert (Lair:4)
  Gastronok (Lair:1)
  Donald (Orc:2)
  A frost giant (IceCv)
  A fire dragon (Lair:5)
  Josephine (Lair:5)
  2 hydras
  3 two-headed ogres
  7 death yaks (IceCv)
  4 orc high priests (Orc:2)
  Amaemon (D:8)
  A swamp dragon (Lair:5)
  Pikel (D:8)
  A wolf spider (Lair:5)
  4 orc sorcerers (Orc:2)
  A cyclops (D:8)
  A manticore (D:11)
  A moth of wrath (Orc:1)
  6 elephants
  A guardian serpent (Lair:5)
  10 black mambas
  An orange demon (D:8)
  2 torpor snails
  An ice statue (IceCv)
  11 cane toads
  10 rime drakes
  7 komodo dragons
  A queen bee (Lair:2)
  5 trolls
  5 polar bears
  8 blink frogs
  2 hornets (Lair:5)
  13 dream sheep
  15 wyverns
  Sigmund (D:2)
  4 wraiths (Lair:5)
  39 yaks
  2 steam dragons
  2 basilisks (Lair:5)
  A hog (Lair:5)
  3 vampire mosquitoes
  3 redbacks (Lair:5)
  A warg (Orc:1)
  2 nagas (Lair:3)
  3 acid dragons (Lair:5)
  13 water moccasins
  2 swamp drakes (Lair:5)
  2 black bears (Lair:3)
  3 sky beasts
  8 orc warriors
  6 ogres
  18 wolves
  5 centaurs
  A phantom (D:4)
  2 kobold brigands
  9 bullfrogs
  A scorpion (D:4)
  A necrophage (D:6)
  8 wights
  15 killer bees (Lair:2)
  5 electric eels
  A vampire bat (Lair:2)
  8 howler monkeys
  8 hounds
  Crazy Yiuf (D:7)
  16 orc priests
  16 orc wizards
  Natasha (thrice) (D:3)
  8 iguanas
  6 hell rats (Lair:5)
  2 scorpion zombies (D:3)
  8 mummies (Ossuary)
  3 gnolls (D:2)
  11 adders
  A shadow imp (D:6)
  14 white imps
  3 ufetubi
  An adder zombie (D:3)
  2 adder skeletons (D:3)
  3 worms
  2 dart slugs
  27 orcs
  11 ball pythons
  9 endoplasms
  5 giant cockroaches
  2 gnoll zombies (Ossuary)
  4 goblins
  3 hobgoblins
  2 jackals (D:3)
  3 quokkas
  12 bats
  2 frilled lizards
  2 hobgoblin zombies (Ossuary)
  20 kobolds
  2 kobold zombies (Ossuary)
  2 orc zombies (Ossuary)
  A quokka skeleton (D:3)
  12 rats
527 creatures vanquished.

Vanquished Creatures (collateral kills)
  Kirke (Lair:5)
  Nessos (Orc:1)
  3 elephants (Lair:5)
  A cane toad (Lair:5)
  2 wyverns (Lair:5)
  A yak (IceCv)
  A hog (Lair:5)
  A wolf (IceCv)
11 creatures vanquished.

Vanquished Creatures (others)
  2 humans (Lair:5)
  4 orc wizards
  36 fungi
  83 plants
  11 withered plants (D:3)
136 creatures vanquished.

Grand Total: 674 creatures vanquished

Notes
Turn   | Place    | Note
-------+----------+-------------------------------------------
     0 | D:1      | robertstho the Vine Stalker Berserker began the quest for
                  | the Orb.
     0 | D:1      | Reached XP level 1. HP: 11/11 MP: 2/2
   337 | D:1      | Reached XP level 2. HP: 16/16 MP: 3/3
  1033 | D:2      | Reached XP level 3. HP: 19/20 MP: 4/4
  1040 | D:2      | Reached skill level 1 in Stealth
  1207 | D:2      | Reached ** piety under Trog
  1480 | D:2      | Gained mutation: Your natural rate of healing is unusually
                  | fast. [Vine Stalker growth]
  1480 | D:2      | Reached XP level 4. HP: 24/24 MP: 5/5
  1622 | D:2      | Reached skill level 4 in Unarmed Combat
  1667 | D:2      | Noticed Sigmund
  1675 | D:2      | Killed Sigmund
  1676 | D:2      | Reached XP level 5. HP: 29/29 MP: 6/6
  1676 | D:2      | Reached XP level 6. HP: 33/33 MP: 7/7
  1679 | D:2      | Found a faded altar of an unknown god.
  1955 | D:3      | Noticed Natasha
  1963 | D:3      | Killed Natasha
  1964 | D:3      | Reached skill level 5 in Unarmed Combat
  1964 | D:3      | Found the +4 dagger "Morg" {pain, Will+ Int+5}
  2007 | D:3      | Noticed Natasha
  2019 | D:3      | Killed Natasha
  2195 | D:3      | Found an opulent altar of Gozag.
  2239 | D:3      | Noticed Natasha
  2244 | D:3      | Killed Natasha
  2264 | D:3      | Reached *** piety under Trog
  2682 | D:3      | Reached XP level 7. HP: 37/37 MP: 8/8
  3221 | D:4      | Reached skill level 5 in Stealth
  3516 | D:5      | Entered Level 5 of the Dungeon
  3523 | D:5      | Reached skill level 6 in Unarmed Combat
  3544 | D:5      | Found a radiant altar of Vehumet.
  3944 | D:5      | Found a white marble altar of Elyvilon.
  3944 | D:5      | Found a blossoming altar of Fedhas.
  3945 | D:5      | Found an ancient bone altar of Kikubaaqudgha.
  4119 | D:6      | Gained mutation: You have razor-sharp teeth. [Vine Stalker
                  | growth]
  4119 | D:6      | Reached XP level 8. HP: 42/42 MP: 9/9
  4141 | D:6      | Found a staircase to the Ecumenical Temple.
  4163 | D:6      | Found a sand-covered staircase.
  4171 | Ossuary  | Entered an ossuary
  4183 | Ossuary  | Reached **** piety under Trog
  4770 | D:6      | Found a broken altar of Ashenzari.
  5233 | D:7      | Reached skill level 7 in Unarmed Combat
  5280 | D:7      | Reached skill level 5 in Fighting
  5431 | D:7      | Reached XP level 9. HP: 47/47 MP: 10/10
  5701 | D:7      | Found a glowing golden altar of the Shining One.
  5701 | D:7      | Found a shimmering altar of Xom.
  5759 | D:7      | Found a runed translucent door.
  5760 | D:7      | Noticed Crazy Yiuf
  5766 | D:7      | Killed Crazy Yiuf
  5767 | D:7      | Reached skill level 8 in Unarmed Combat
  5856 | D:8      | Noticed Amaemon
  5857 | D:8      | Noticed an orange demon
  5868 | D:8      | Killed an orange demon
  5881 | D:8      | Killed Amaemon
  5882 | D:8      | Reached skill level 9 in Unarmed Combat
  5998 | D:8      | Found a sparkling altar of Nemelex Xobeh.
  6037 | D:8      | Noticed a cyclops
  6044 | D:8      | Killed a cyclops
  6045 | D:8      | Reached skill level 5 in Armour
  6045 | D:8      | Reached XP level 10. HP: 52/53 MP: 11/11
  6153 | D:8      | Noticed Pikel
  6159 | D:8      | Killed Pikel
  6236 | D:8      | Found a stormy altar of Qazlal.
  6797 | D:8      | Noticed a two-headed ogre
  6807 | D:8      | Killed a two-headed ogre
  6808 | D:8      | Reached skill level 10 in Unarmed Combat
  7322 | D:9      | Reached skill level 10 in Stealth
  7331 | D:9      | Reached ***** piety under Trog
  7368 | D:9      | Reached XP level 11. HP: 56/58 MP: 10/12
  7553 | D:9      | Found a staircase to the Lair.
  7592 | D:9      | Found a staircase to the Orcish Mines.
  7929 | D:10     | Entered Level 10 of the Dungeon
  8215 | D:10     | Reached skill level 11 in Unarmed Combat
  8266 | D:10     | Noticed a two-headed ogre
  8273 | D:10     | Killed a two-headed ogre
  8401 | D:10     | Noticed a two-headed ogre
  8406 | D:10     | Killed a two-headed ogre
  8433 | D:11     | Noticed a manticore
  8443 | D:11     | Killed a manticore
  8466 | D:11     | Noticed a purple ugly thing
  8540 | Lair:1   | Entered Level 1 of the Lair of Beasts
  8776 | Lair:1   | Received a gift from Trog
  9007 | Lair:1   | Reached XP level 12. HP: 64/64 MP: 13/13
  9011 | Lair:1   | Identified the ring of the Sneaky Tusks {rPois rN+ Will+
                  | rCorr}
  9042 | Lair:1   | Noticed Gastronok
  9057 | Lair:1   | Killed Gastronok
  9058 | Lair:1   | Reached skill level 12 in Unarmed Combat
  9892 | Lair:2   | Noticed a six-headed hydra
  9900 | Lair:2   | Killed a six-headed hydra
  9901 | Lair:2   | Found a staircase to the Swamp.
 10633 | Lair:3   | Found a radiant altar of Vehumet.
 10672 | Lair:3   | Reached skill level 13 in Unarmed Combat
 10747 | Lair:3   | Found a staircase to the Snake Pit.
 11049 | Lair:4   | Noticed Rupert
 11059 | Lair:4   | Killed Rupert
 11060 | Lair:4   | Reached XP level 13. HP: 70/70 MP: 10/14
 11170 | Lair:4   | Received a gift from Trog
 11658 | Lair:5   | Entered Level 5 of the Lair of Beasts
 11764 | Lair:5   | Identified the +6 long sword of Qazlal's Outrage {vamp,
                  | Int+6}
 11890 | Lair:5   | Reached skill level 14 in Unarmed Combat
 11996 | Lair:5   | Noticed a fire dragon
 12039 | Lair:5   | Killed a fire dragon
 12229 | Lair:5   | Noticed Kirke
 12236 | Lair:5   | Killed Kirke
 12426 | Lair:5   | Received a gift from Trog
 12427 | Lair:5   | Reached XP level 14. HP: 40/69 MP: 6/15
 12567 | Lair:5   | Noticed Josephine
 12580 | Lair:5   | Reached skill level 15 in Unarmed Combat
 12593 | Lair:5   | Killed Josephine
 12685 | Lair:5   | Found a runed translucent door.
 12685 | Lair:5   | Found a viscous altar of Jiyva.
 12686 | Lair:5   | Found a staircase to the Slime Pits.
 12729 | Lair:5   | Reached skill level 10 in Armour
 12782 | Lair:5   | Reached skill level 10 in Fighting
 13357 | Orc:1    | Entered Level 1 of the Orcish Mines
 13592 | Orc:2    | Entered Level 2 of the Orcish Mines
 13775 | Orc:2    | Noticed Nessos
 13786 | Orc:1    | Killed Nessos
 13871 | Orc:1    | Found a frozen archway.
 13933 | IceCv    | Entered an ice cave
 14364 | IceCv    | Noticed a frost giant
 14385 | IceCv    | Killed a frost giant
 14395 | IceCv    | Reached skill level 16 in Unarmed Combat
 14633 | Orc:2    | Reached XP level 15. HP: 81/81 MP: 14/16
 14662 | Orc:2    | Reached skill level 15 in Stealth
 14821 | Orc:2    | Noticed Donald
 14845 | Orc:2    | Killed Donald
 15010 | Orc:1    | Found a transporter.
 15021 | Orc:1    | Found a bloodstained altar of Trog.
 15027 | Orc:1    | Found a transporter.
 15036 | Orc:1    | Noticed Segg's ghost (adept GnSk)
 15132 | Orc:1    | Slain by a two-headed ogre

Illustrated notes

Levels and vault maps discovered:
D:1:      ncdulo_halloftheorcs, layout_basic, nrook_uturn, minivault_11,
          minmay_misc_feat_x
D:2:      minmay_general_purpose_star, layout_loops_ring,
          chequers_ecumenical_altar_simple, minmay_rat_gold_closets,
          uniq_sigmund
D:3:      layout_basic, grunt_gozag_breadcrumbs, minivault_14,
          dilly_guarded_unrand_morg
D:4:      layout_rooms
D:5:      layout_cave_pools, mainiacjoe_overflow_cross_hatched,
          gammafunk_temple_overflow_claw
D:6:      layout_basic, cheibrodos_ashenzari_chains,
          minmay_temple_entry_drinking_statues, enter_ossuary_5,
          kennysheep_cross_bottleneck, solitary_fountain
D:7:      layout_rooms, gammafunk_temple_overflow_wave, serial_bayou_pond_d,
          chequers_serial_rivers_marsh, uniq_crazy_yiuf_cottage
D:8:      layout_layer_cave, overflow_temple_1_default,
          mainiacjoe_overflow_boulevard, uniq_pikel, uniq_amaemon
D:9:      layout_irregular_city, erik_lair_island, orc_0_dummy
D:10:     layout_basic
D:11:     layout_roguey, uniq_erica, uniq_sonja
Lair:1:   layout_regular_city, lemuel_fruit_tree, serial_bayou_shore_a,
          wad_woods_river_01, uniq_gastronok
Lair:2:   layout_small_grid, swamp_mist_pool, special_room [special_room_bee],
          roderic_batcave
Lair:3:   layout_hall_layers, minmay_snake_entry_guardpost_medium, basic_altar,
          beast_lair_carwin_5
Lair:4:   layout_misc_corridors, nicolae_quartered_pool_impasse, uniq_rupert
Lair:5:   hangedman_lair_tendril_chambers, layout_cellular_growth,
          guppyfry_lair_end_dragon, slime_entry_2, infiniplex_staircase_pool_2,
          uniq_josephine, uniq_kirke
Orc:1:    layout_diamond_mine, portal_ice_cave_entry_imps,
          gammafunk_ghost_wrathful_warriors
Orc:2:    st_orc_mages, layout_caves, uniq_nessos, uniq_donald

Skill      XL: |  1  2  3  4  5  6  7  8  9 10 11 12 13 14 15 |
---------------+----------------------------------------------+-----
Fighting       | 3 4 5 6 7 8 9 10 | 10.7
Stealth        | 1 3 4 5 6 8 10 11 12 14 15 | 15.0
Unarmed Combat | 4 5 6 7 9 10 11 13 14 16 | 16.3
Dodging        | 2 3 4 |  4.4
Armour         | 2 3 5 7 8 9 10 | 10.8

Action                   |  1- 3 |  4- 6 |  7- 9 | 10-12 | 13-15 || total
-------------------------+-------+-------+-------+-------+-------++-------
Melee: Unarmed           |    66 |   100 |   267 |   431 |   652 ||  1516
       Bite              |    15 |    22 |    77 |   143 |   227 ||   484
       Punch             |     3 |     1 |    18 |    35 |    71 ||   128
Invok: Berserk           |       |     2 |     5 |    12 |    15 ||    34
       Brothers in Arms  |       |       |       |       |     4 ||     4
Evoke: Wand              |       |       |       |       |     1 ||     1
  Use: Scroll            |       |       |     9 |     7 |     9 ||    25
       Potion            |       |       |       |       |     2 ||     2
 Stab: Sleeping          |     4 |    11 |     4 |    16 |    14 ||    49
       Distracted        |       |       |       |     2 |     4 ||     6
Armor: Animal skin       |    14 |    14 |       |       |       ||    28
       Chain mail        |       |       |    69 |       |       ||    69
       Shadow dragon sca |       |       |    45 |   265 |   362 ||   672
Dodge: Dodged            |    34 |    43 |    88 |   240 |   244 ||   649
Block: Kite shield       |       |       |       |       |     3 ||     3
